 Dungeon Crawl Stone Soup version 0.31-a0-640-g39d97e502b (webtiles) character file.

Game seed: 9704870473473801782

446 qw the Shooter (level 7, 0/43 HPs)
             Began as a Gargoyle Hunter on Aug 27, 2023.
             Slain by an iguana (6 damage)
             ... on level 5 of the Dungeon.
             The game lasted 00:01:25 (3228 turns).

qw the Shooter (Gargoyle Hunter)                    Turns: 3228, Time: 00:01:26

Health: 0/43       AC: 14    Str: 21    XL:     7   Next: 3%
Magic:  7/7        EV: 11    Int:  9    God:
Gold:   142        SH:  0    Dex: 15    Spells: 6/6 levels left

rFire   . . .        Y - +1 shortbow
rCold   . . .        (shield currently unavailable)
rNeg    + . .        g - +0 ring mail
rPois   inf          n - +0 helmet
rElec   +            (no cloak)
rCorr   .            d - +2 pair of gloves
SInv    .            (no boots)
Will    .....        (no amulet)
Stlth   +            m - +6 ring of strength
HPRegen 0.27/turn    (no ring)
MPRegen 0.10/turn

%: no passive effects
@: no status effects
A: sickness immunity, AC +4, negative energy resistance 1, electricity
resistance, torment resistance 1, petrification resistance
a: no special abilities


You were on level 5 of the Dungeon.
You visited 1 branch of the dungeon, and saw 5 of its levels.

You collected 142 gold pieces.


Innate Abilities, Weirdness & Mutations

You are immune to sickness and miasma.
Your stone body is resilient. (AC +4)
You are immune to poison.
You resist negative energy. (rN+)
You are resistant to electric shocks. (rElec)
You are resistant to unholy torment.
You are immune to petrification.


   Skills:
 - Level 4.0 Fighting
 + Level 7.1 Ranged Weapons
 - Level 2.3 Armour
 - Level 1.5 Dodging
 - Level 1.1 Stealth


You had 6 spell levels left.
You didn't know any spells.
Your spell library was empty.

Inventory:

Hand Weapons
 Y - a +1 shortbow (weapon)
Armour
 d - a +2 pair of gloves (worn)
 g - a +0 ring mail (worn)
 n - a +0 helmet (worn)
Jewellery
 c - a ring of fire
 m - a +6 ring of strength (left hand)
Scrolls
 i - a scroll of identify
Potions
 e - a potion of resistance
 f - a potion of enlightenment {unknown}
 j - a potion of cancellation {unknown}
 k - a potion of attraction {unknown}

Dungeon Overview and Level Annotations

Branches:
Dungeon (5/15)
 Temple: D:4-7

Altars:
Gozag
Hepliaklqana
Kikubaaqudgha
Ru
Trog
Wu Jian
Xom
The Shining One

Shops:
D:1 *


Message History

Enter note:
3221 ||| Stepping ~*~*~tactically~*~*~ (retreating).
The adder bites you but does no damage.
A puff of flame appears from out of thin air!
The puff of flame misses you.
Enter note:
Enter note:
3222 ||| Stepping ~*~*~tactically~*~*~ (retreating).
The adder closely misses you.
The phantom hits you but does no damage.
3223 ||| Stepping ~*~*~tactically~*~*~ (retreating).
The phantom barely misses you. Something hits you but does no damage.
3224 ||| Stepping ~*~*~tactically~*~*~ (retreating).
You shoot an arrow. The arrow hits the orc.
The orc is almost dead.
The adder completely misses you. The iguana barely misses you.
The phantom hits you but does no damage.
The adder barely misses you. Something hits you but does no damage.
3225 ||| Stepping ~*~*~tactically~*~*~ (retreating).
You shoot an arrow.
Reactivating autopickup.
You feel a bit more experienced. The iguana closely misses you.
The adder bites you but does no damage.
The phantom hits you but does no damage.
Your Armour skill increases to level 2!
You have reached level 7!
Enter note:
Enter note:
3226 ||| Stepping ~*~*~tactically~*~*~ (retreating).
The adder misses you. The iguana attacks as it pursues you!
The iguana bites you!
The phantom hits you but does no damage.
The adder misses you.
You shoot an arrow. The arrow hits the phantom.
The phantom is moderately damaged.
The iguana bites you!
The phantom hits you but does no damage.
The adder bites you but does no damage.
You shoot an arrow. The arrow closely misses the phantom.
The iguana bites you.
You die...

##..........[###
##..............#####
.#.....>.......ยค.#..#
.#..........o..##...##
.....##......o.......##
.....#..........o.....#
.....#....##...#oo##..#
#........#######lW...##
###.......# #@S..## #
###....## ###..# ###.##
#.## ### ###


You could see a phantom, an iguana, an orc priest, an adder and 2 orcs.

Vanquished Creatures
  A black bear (D:3)
  A scorpion (D:5)
  A howler monkey (D:5)
  An orc priest (D:4)
  2 iguanas
  An orc wizard (D:5)
  3 adders
  A worm (D:4)
  3 dart slugs
  13 orcs
  7 endoplasms
  5 giant cockroaches
  9 hobgoblins
  12 jackals
  5 quokkas
  7 ball pythons
  8 bats
  4 frilled lizards
  9 goblins
  7 kobolds
  7 rats
107 creatures vanquished.

Notes
Turn   | Place    | Note
-------+----------+-------------------------------------------
     0 | D:1      | qw the Gargoyle Hunter began the quest for the Orb.
     0 | D:1      | Reached XP level 1. HP: 12/12 MP: 1/1
     0 | D:1      | 0 ||| qw: Version: 0.3-a-74-g0d5e918
     0 | D:1      | 0 ||| qw: Game counter: 147
     0 | D:1      | 0 ||| qw: Melee chars always use a shield: true
     0 | D:1      | 0 ||| qw: God list: Okawaru
     0 | D:1      | 0 ||| qw: Allow faded altars: false
     0 | D:1      | 0 ||| qw: Do Orc after clearing Dungeon:15 true
     0 | D:1      | 0 ||| qw: Do second Lair branch before Depths: true
     0 | D:1      | 0 ||| qw: Lair rune preference: random
     0 | D:1      | 0 ||| qw: Goals: Normal
     0 | D:1      | 0 ||| PLANNING D:1-11
   228 | D:1      | Reached XP level 2. HP: 17/17 MP: 2/2
   228 | D:1      | Found Qeum's General Store.
   237 | D:1      | 237 ||| SHOPLISTING potion of curing (30 gold, have 6).
   237 | D:1      | 237 ||| SHOPLISTING ring of fire (250 gold, have 6).
   494 | D:1      | Reached XP level 3. HP: 14/21 MP: 3/3
   557 | D:1      | Reached skill level 5 in Ranged Weapons
   647 | D:1      | Found a faded altar of an unknown god.
   865 | D:1      | 865 ||| UPGRADING to +2 pair of gloves.
   870 | D:1      | 870 ||| DROPPING scroll of butterflies.
   953 | D:2      | Reached skill level 3 in Fighting
  1120 | D:2      | Reached XP level 4. HP: 28/28 MP: 4/4
  1609 | D:2      | 1609 ||| UPGRADING to +0 ring mail.
  1619 | D:2      | 1619 ||| DROPPING +0 leather armour.
  1620 | D:2      | 1620 ||| UPGRADING to +0 helmet.
  1625 | D:2      | 1625 ||| UPGRADING to +6 ring of strength.
  1626 | D:2      | 1626 ||| READING scroll labelled PUOFUIZ PO IVE.
  1627 | D:2      | 1627 ||| READING 2 scrolls labelled RYTHRU UNTYI.
  1628 | D:2      | 1628 ||| READING scroll labelled DIPESKE QOHURE.
  1629 | D:2      | 1629 ||| READING scroll labelled YRAUJE CETSITH.
  1630 | D:2      | 1630 ||| DRINKING 2 viscous pink potions.
  1686 | D:3      | Found a sacrificial altar of Ru.
  1726 | D:3      | Reached skill level 1 in Armour
  1754 | D:3      | Noticed a black bear
  1764 | D:3      | Killed a black bear
  1765 | D:3      | Reached skill level 6 in Ranged Weapons
  1765 | D:3      | Reached XP level 5. HP: 28/32 MP: 5/5
  1793 | D:3      | Found a bloodstained altar of Trog.
  2179 | D:3      | 2179 ||| READING scroll labelled VON DAORIA.
  2180 | D:3      | 2180 ||| READING 2 scrolls of identify.
  2180 | D:3      | 2180 ||| IDENTIFYING silvery potion
  2181 | D:3      | 2181 ||| DROPPING potion of invisibility.
  2199 | D:4      | 2199 ||| STAIRDANCE
  2372 | D:4      | Reached XP level 6. HP: 38/38 MP: 6/6
  2474 | D:4      | Found a shimmering altar of Xom.
  2474 | D:4      | Found an ornate altar of the Wu Jian Council.
  2483 | D:4      | Found an opulent altar of Gozag.
  2485 | D:4      | Found a glowing golden altar of the Shining One.
  2506 | D:4      | HP: 6/38 [orc/+2 flail of protection (7)]
  2507 | D:4      | 2507 ||| DRINKING potion of heal wounds.
  2655 | D:4      | Found a hazy altar of Hepliaklqana.
  2751 | D:4      | Found an ancient bone altar of Kikubaaqudgha.
  3084 | D:4      | 3084 ||| DROPPING ring of magical power.
  3085 | D:4      | 3085 ||| READING scroll labelled MAESKI ZILU.
  3086 | D:4      | 3086 ||| READING scroll labelled QULA IVOAJUKH.
  3090 | D:4      | 3090 ||| READING 2 scrolls of identify.
  3090 | D:4      | 3090 ||| IDENTIFYING fizzy orange potion
  3106 | D:5      | Entered Level 5 of the Dungeon
  3119 | D:5      | Reached skill level 7 in Ranged Weapons
  3207 | D:5      | 3207 ||| RETREATING.
  3208 | D:5      | 3208 ||| Stepping ~*~*~tactically~*~*~ (retreating).
  3209 | D:5      | 3209 ||| Stepping ~*~*~tactically~*~*~ (retreating).
  3210 | D:5      | 3210 ||| Stepping ~*~*~tactically~*~*~ (retreating).
  3211 | D:5      | 3211 ||| Stepping ~*~*~tactically~*~*~ (retreating).
  3213 | D:5      | 3213 ||| Stepping ~*~*~tactically~*~*~ (retreating).
  3216 | D:5      | 3216 ||| Stepping ~*~*~tactically~*~*~ (retreating).
  3217 | D:5      | 3217 ||| Stepping ~*~*~tactically~*~*~ (retreating).
  3218 | D:5      | 3218 ||| Stepping ~*~*~tactically~*~*~ (retreating).
  3219 | D:5      | 3219 ||| Stepping ~*~*~tactically~*~*~ (retreating).
  3220 | D:5      | 3220 ||| Stepping ~*~*~tactically~*~*~ (retreating).
  3221 | D:5      | 3221 ||| Stepping ~*~*~tactically~*~*~ (retreating).
  3222 | D:5      | 3222 ||| Stepping ~*~*~tactically~*~*~ (retreating).
  3223 | D:5      | 3223 ||| Stepping ~*~*~tactically~*~*~ (retreating).
  3224 | D:5      | 3224 ||| Stepping ~*~*~tactically~*~*~ (retreating).
  3225 | D:5      | 3225 ||| Stepping ~*~*~tactically~*~*~ (retreating).
  3226 | D:5      | Reached XP level 7. HP: 23/43 MP: 7/7
  3226 | D:5      | 3226 ||| Stepping ~*~*~tactically~*~*~ (retreating).
  3227 | D:5      | HP: 5/43 [iguana (9)]
  3228 | D:5      | Slain by an iguana

Levels and vault maps discovered:
D:1:      eino_arrival_druids_welcome, layout_basic, serial_shops,
          nicolae_shop_stone, dreamdust_ecumenical_altar_angels_and_demons
D:2:      layout_basic, dk_vineyard_3, serial_bayou_pond_a
D:3:      layout_basic, nicolae_ru_awakened_eye, marbit_many_paths
D:4:      layout_basic, kennysheep_mini_moat, mainiacjoe_overflow_paths,
          nicolae_overflow_macrodata_refinement, serial_curves, eino_curves_04,
          eino_curves_04, eino_curves_03, eino_curves_02
D:5:      layout_cave_pools, chequers_arboretum, minmay_between

Skill      XL: |  1  2  3  4  5  6 |
---------------+-------------------+-----
Ranged Weapons | 5 6 7 |  7.1
Fighting       | 3 4 |  4.0
Armour         | 1 2 |  2.3
Dodging        | |  1.5
Stealth        | |  1.1

Action                     |  1- 3 |  4- 6 |  7- 9 || total
---------------------------+-------+-------+-------++-------
   Fire: Shortbow          |   150 |   196 |     2 ||   348
    Use: Scroll            |       |     9 |       ||     9
         Potion            |       |     2 |       ||     2
 Armour: Leather armour    |    54 |     5 |       ||    59
         Ring mail         |       |    67 |     3 ||    70
  Dodge: Dodged            |    47 |    91 |     2 ||   140

Table legend:
 A = Non-vault XP
 B = Vault XP
 C = Vault XP percentage of total XP
 D = Non-vault monster count
 E = Vault monster count
 F = Vault count percentage of total count
                 A         B        C        D         E       F
            +---------+---------+-------+---------+---------+-------
      Total |     637 |       1 |   0.2 |     106 |       1 |   0.9
            +---------+---------+-------+---------+---------+-------
        D:1 |      59 |       0 |   0.0 |      32 |       0 |   0.0
        D:2 |      49 |       0 |   0.0 |      27 |       0 |   0.0
        D:3 |     202 |       1 |   0.5 |      17 |       1 |   5.6
        D:4 |     114 |       0 |   0.0 |      22 |       0 |   0.0
        D:5 |     213 |       0 |   0.0 |       8 |       0 |   0.0
            +---------+---------+-------+---------+---------+-------
